 Dungeon Crawl Stone Soup version 0.20-a0-17-g69bea3c (webtiles) character file.

6437 KristoblXynda the Grappler (level 10, -10/79 HPs)
             Began as a Troll Monk on Nov 5, 2016.
             Was the Champion of Cheibriados.
             Mangled by a seven-headed hydra (16 damage)
             ... on level 10 of the Dungeon.
             The game lasted 00:13:38 (7997 turns).

KristoblXynda the Grappler (Troll Monk)             Turns: 7997, Time: 00:13:38

Health: -10/79     AC:  8    Str: 36    XL:     10   Next: 67%
Magic:  15/15      EV: 19    Int: 24    God:    Cheibriados [******]
Gold:   552        SH:  0    Dex: 31    Spells: 0 memorised, 9 levels left

rFire  + . .     SeeInvis .       - Unarmed
rCold  . . .     Gourm    +     a - +1 robe
rNeg   . . .     Faith    .     (no shield)
rPois  .         Spirit   .     (helmet restricted)
rElec  .         Reflect  .     n - +1 cloak
rCorr  .         Harm     .     (gloves unavailable)
MR     .....                    (boots unavailable)
Stlth  +.........               (no amulet)
                                (no ring)
                                q - ring of protection from fire

@: confused, very slow
A: unfitting armour, claws 3, talons 1, large bone plates 1, agile 2, fast
metabolism 3, frail 1, gourmand, sense surroundings 1, regeneration 1, shaggy
fur 1, tough skin 2
a: Bend Time, Temporal Distortion, Slouch, Step From Time, Renounce Religion


You were on level 10 of the Dungeon.
You worshipped Cheibriados.
Cheibriados was exalted by your worship.
You were not hungry.

You visited 2 branches of the dungeon, and saw 11 of its levels.

You collected 552 gold pieces.

Inventory:

Armour
 a - a +1 robe (worn)
 n - a +1 cloak (worn)
Jewellery
 q - a ring of protection from fire (left claw)
Wands
 s - a wand of iceblast (12/15)
Scrolls
 e - 6 scrolls of teleportation
 g - 7 scrolls of remove curse
 j - a scroll of immolation
 v - 3 scrolls of amnesia
 w - a scroll of fog
 z - 2 scrolls of identify
Potions
 c - 3 potions of cure mutation
 h - 2 potions of might
 i - a potion of lignification {unknown}
 k - 3 potions of flight {unknown}
 l - 5 potions of curing {unknown}
 m - 2 potions of degeneration {unknown}
 p - a potion of agility {unknown}
 u - a potion of haste {unknown}
 x - a potion of cancellation {unknown}
Books
 y - a book of Conjurations

   Spells                             Type                      Level
   a - Magic Dart                     Conjuration                  1
   b - Searing Ray                    Conjuration                  2
   c - Dazzling Spray                 Conjuration/Hexes            3
   d - Fulminant Prism                Conjuration/Hexes            4
   e - Iskenderun's Mystic Blast      Conjuration                  4
   f - Iskenderun's Battlesphere      Conjuration/Charms           5
Comestibles
 b - 7 bread rations
 f - 3 meat rations
 r - 10 slices of pizza
 t - 2 beef jerkies


   Skills:
 - Level 2.4 Fighting
 + Level 8.5 Dodging
 - Level 1.0 Stealth
 + Level 10.1 Unarmed Combat
 + Level 8.2 Invocations


You had 9 spell levels left.
You didn't know any spells.

Dungeon Overview and Level Annotations

Branches:
Dungeon (10/15)            Temple (1/1) D:6             Orc (0/2) D:10
   Lair: D:8-11

Altars:
Ashenzari
Cheibriados
Dithmenos
Elyvilon
Fedhas
Gozag
Hepliaklqana
Kikubaaqudgha
Makhleb
Nemelex Xobeh
Okawaru
Qazlal
Ru
Sif Muna
Trog
Uskayaw
Vehumet
Xom
Yredelemnul
Zin
The Shining One

Shops:
D:6 !   D:10 }


Innate Abilities, Weirdness & Mutations

You are too large for most types of armour.
You have claws for hands.
Your metabolism is lightning-fast.
You like to eat raw meat.
Your natural rate of healing is unusually fast.
You are covered in fur. (AC +1)
You have very tough skin. (AC +2)
You have sharp toenails.
You are partially covered in large bone plates. (SH +4)
You are very agile. (Dex +4)
You are frail. (-10% HP)
You passively map a small area around you.


Message History

You feel invigorated.
The seven-headed hydra bites you but does no damage.
The seven-headed hydra misses you.
The seven-headed hydra closely misses you.
The seven-headed hydra bites you! x2
* * * LOW HITPOINT WARNING * * *
The seven-headed hydra barely misses you.
The seven-headed hydra bites you.
* * * LOW HITPOINT WARNING * * *
The seven-headed hydra bites you!
* * * LOW HITPOINT WARNING * * *
The seven-headed hydra bites you.
* * * LOW HITPOINT WARNING * * *
The seven-headed hydra bites you.
* * * LOW HITPOINT WARNING * * *
The seven-headed hydra completely misses you.
The seven-headed hydra bites you!
* * * LOW HITPOINT WARNING * * *
The seven-headed hydra bites you!
You die...

#,,,, # *........# ...#
#,, #........# ...# # ,
, +........##...# ***
#.............# ,
..............# , ,
,,..............# ,
..............#
.......D@.....#
..............#
..............#
#########...####......#
#.......#...####......#
#.......#. ...........#
#.......# ,..........)#
#.......########......#
#..............#......#


You could see a seven-headed hydra.

Vanquished Creatures
  An ugly thing (D:10)
  The ghost of Zorot the Ruffian, a novice VSMo of Makhleb (D:6)
  A gargoyle (D:10)
  4 hippogriffs
  A spriggan (D:8)
  4 yaks (D:8)
  A hungry ghost (D:9)
  A water moccasin (D:8)
  3 sky beasts
  An orc warrior (D:6)
  3 ice beasts (D:7)
  A necrophage (D:8)
  3 ogres
  5 centaurs
  A crocodile (D:10)
  A big kobold (D:9)
  9 bullfrogs
  2 scorpions
  A howler monkey (D:10)
  5 crimson imps
  3 hounds
  2 jellies
  A quasit (D:8)
  A bullfrog zombie (D:8)
  2 centaur skeletons
  An orc priest (D:9)
  A gnoll shaman (D:5)
  2 bullfrog skeletons (D:9)
  11 worker ants
  3 iguanas
  An orc wizard (D:9)
  2 hound zombies
  A hound skeleton (D:10)
  A howler monkey zombie (D:8)
  3 worker ant zombies
  5 gnolls (D:5)
  10 adders
  A shadow imp (D:9)
  A white imp (D:8)
  An ooze (D:3)
  2 adder zombies
  2 adder skeletons
  2 worms
  3 dart slugs
  8 leopard geckos
  13 orcs
  4 giant cockroaches
  5 hobgoblins
  9 jackals
  3 quokkas
  4 bats (D:2)
  5 frilled lizards
  10 goblins
  6 kobolds
  3 rats
181 creatures vanquished.

Notes
Turn   | Place    | Note
-------+----------+-------------------------------------------
     0 | D:1      | KristoblXynda the Troll Monk began the quest for the Orb.
     0 | D:1      | Reached XP level 1. HP: 22/22 MP: 0/0
   223 | D:1      | Found a snail-covered altar of Cheibriados.
   225 | D:1      | Reached XP level 2. HP: 29/29 MP: 1/1
   240 | D:1      | Became a worshipper of Cheibriados the Contemplative
   240 | D:1      | Reached * piety under Cheibriados
   240 | D:1      | Reached ** piety under Cheibriados
   827 | D:2      | Reached XP level 3. HP: 35/36 MP: 2/2
  1076 | D:2      | Reached skill level 4 in Unarmed Combat
  1280 | D:2      | Reached *** piety under Cheibriados
  1476 | D:3      | Reached XP level 4. HP: 44/44 MP: 3/3
  2118 | D:4      | Reached skill level 1 in Invocations
  2218 | D:4      | Reached XP level 5. HP: 50/50 MP: 4/4
  2517 | D:4      | Reached XP level 6. HP: 57/59 MP: 6/6
  2578 | D:5      | Entered Level 5 of the Dungeon
  2636 | D:5      | Reached skill level 5 in Unarmed Combat
  2677 | D:5      | Reached **** piety under Cheibriados
  3148 | D:5      | Reached XP level 7. HP: 58/66 MP: 8/8
  3576 | D:6      | Noticed Zorot's ghost (novice VSMo)
  3598 | D:6      | Killed Zorot's ghost
  3598 | D:6      | Reached skill level 5 in Dodging
  3598 | D:6      | Reached skill level 6 in Unarmed Combat
  3598 | D:6      | Reached XP level 8. HP: 48/74 MP: 8/10
  3623 | D:6      | Found Ciattize's Distillery.
  3821 | D:6      | Found a staircase to the Ecumenical Temple.
  3905 | D:6      | Reached ***** piety under Cheibriados
  3967 | D:6      | Gained mutation: You are agile. (Dex +2) [mutagenic meat]
  3968 | D:6      | Gained mutation: You have sharp toenails. [mutagenic meat]
  3969 | D:6      | Gained mutation: You are very agile. (Dex +4) [mutagenic meat]
  3970 | D:6      | Gained mutation: You are partially covered in large bone plates. (SH +4) [mutagenic meat]
  3971 | D:6      | Gained mutation: You are frail. (-10% HP) [mutagenic meat]
  3972 | D:6      | Gained mutation: You passively map a small area around you. [mutagenic meat]
  4000 | D:6      | Found a stormy altar of Qazlal.
  4071 | D:6      | Reached skill level 7 in Unarmed Combat
  4071 | D:6      | Reached skill level 5 in Invocations
  4237 | Temple   | Entered the Ecumenical Temple
  4653 | D:7      | Reached XP level 9. HP: 63/72 MP: 12/12
  4992 | D:7      | Reached skill level 8 in Unarmed Combat
  5396 | D:8      | Reached skill level 9 in Unarmed Combat
  5531 | D:8      | Reached XP level 10. HP: 69/79 MP: 14/14
  5537 | D:8      | Found an iron altar of Okawaru.
  5537 | D:8      | Found an ancient bone altar of Kikubaaqudgha.
  7097 | D:10     | Entered Level 10 of the Dungeon
  7160 | D:10     | Noticed a gargoyle
  7168 | D:10     | Killed a gargoyle
  7495 | D:10     | Noticed a green ugly thing
  7506 | D:10     | Killed a green ugly thing
  7506 | D:10     | Reached ****** piety under Cheibriados
  7506 | D:10     | Reached skill level 10 in Unarmed Combat
  7665 | D:10     | Found a staircase to the Orcish Mines.
  7761 | D:10     | Found Tunoclot's Gadget Boutique.
  7993 | D:10     | Noticed a six-headed hydra
  7997 | D:10     | Mangled by a seven-headed hydra

Vault maps used:
D:1:      dpeg_arrival_boxorama, hex_tiny, minmay_hexomino_r4
D:2:      first_bread
D:3:      minivault_19
D:4:      serial_park_tiny_2
D:6:      lemuel_doored_altar, serial_shops, shop_coins, minmay_crystal_room
D:8:      amethyst_overflow_temple_binary, grunt_pizzeria,
          hangedman_decor_clover_reticule, minmay_fire_ice_demons
D:10:     orc_0_dummy, serial_shops, shop
Temple:   dpeg_five_rooms_temple

Skill      XL: |  1  2  3  4  5  6  7  8  9 10 |
---------------+-------------------------------+-----
Dodging        | 3 4 5 6 7 8 |  8.5
Unarmed Combat | 4 5 6 7 9 10 | 10.1
Invocations    | 1 2 3 4 5 7 8 |  8.2
Fighting       | |  2.4
Stealth        | |  1.0

Action                   |  1- 3 |  4- 6 |  7- 9 | 10-12 || total
-------------------------+-------+-------+-------+-------++-------
Melee: Unarmed           |    92 |   100 |   171 |   139 ||   502
       Punch             |     3 |     3 |    11 |     5 ||    22
       Kick              |       |       |    52 |    77 ||   129
  Use: Scroll            |       |     5 |     9 |     1 ||    15
       Potion            |       |       |       |     1 ||     1
 Stab: Sleeping          |     2 |     3 |     7 |     5 ||    17
       Distracted        |       |       |     2 |       ||     2
  Eat: Chunk             |    15 |    11 |    22 |    17 ||    65
       Meat ration       |       |       |       |     1 ||     1
Armor: Robe              |    25 |    23 |    41 |    28 ||   117
Dodge: Dodged            |    52 |    59 |   116 |    96 ||   323
Block: Other             |       |       |    24 |    20 ||    44
